AoeStats
← +Matt.Chak

Coastal Forest

510551165Analyzed
4v4 RM · 1d ago on Oct 1, 2026· 24m 45s· 8 players
Game mode
Random Map
Map size
Large (8 player)
Population
200
Speed
Normal
Resources
Standard
Victory
Conquest
Starting age
Dark Age
Ending age
Imperial Age
RankedLock teamsTeams togetherTeam positionsShared explorationLock speedFull tech treeHidden civsTurbo modeCheats
Victory
Defeat
🇹🇼 Saxons · Taiwan
1529
+8
🇹🇼 Japanese · Taiwan
1485
+9
🇹🇼 Magyars · Taiwan
1249
+17
🇹🇼 Franks · Taiwan
1246
+18
🇹🇼 Mongols · Taiwan
1332
-14
🇭🇺 Mapuche · Hungary
1317
-13
🇭🇰 Ethiopians · Hong Kong SAR China
1304
-13
1284
-12
再讓我農一下
0:52 Loom
12:55 Feudal Age
13:37 Double-Bit Axe
16:44 Castle Age
14:33 Horse Collar
22:14 Fletching
scurhun
4:55 Loom
11:49 Feudal Age
12:59 Double-Bit Axe
15:05 Gold Mining
17:17 Castle Age
15:35 Horse Collar
19:50 Wheelbarrow
20:11 Bow Saw
20:43 Stone Mining
21:22 Heavy Plow
21:30 Pikeman
24:16 Fletching
25:14 Fervor
25:29 Hand Cart
轻绘梨花泪满衣
12:07 Feudal Age
13:14 Double-Bit Axe
16:03 Castle Age
14:09 Fishing Lines
15:37 Fletching
16:13 Gold Mining
16:42 Bodkin Arrow
16:59 Medium Warships
17:35 Gillnets
+Matt.Chak
10:05 Feudal Age
9:45 Loom
12:12 Double-Bit Axe
15:31 Horse Collar
17:01 Fletching
17:47 Padded Archer Armor
18:07 Horse Collar
安息吧包子
7:06 Loom
9:55 Feudal Age
13:31 Fletching
18:08 Padded Archer Armor
19:18 Double-Bit Axe
24:28 Castle Age
24:21 Gold Mining
24:35 Crossbowman
25:12 Bodkin Arrow
白毛
11:25 Feudal Age
12:42 Double-Bit Axe
15:23 Castle Age
13:37 Fletching
15:01 Gold Mining
16:02 Bodkin Arrow
16:08 Crossbowman
17:09 Bow Saw
23:04 Ballistics
小小財
7:19 Loom
9:47 Feudal Age
12:07 Horse Collar
18:25 Scale Barding Armor
21:16 Wheelbarrow
24:51 Castle Age
23:29 Bloodlines
23:39 Gold Mining
Junyou
11:05 Feudal Age
15:22 Castle Age
13:41 Double-Bit Axe
14:50 Loom
16:13 Medium Warships
18:10 Wheelbarrow
19:20 Bow Saw
20:17 Gold Mining
21:42 Horse Collar
24:23 Town Watch
24:55 Hand Cart
25:22 Careening
Connection lost

Rejoining the realm…

Still unreachable

The connection could not be restored.

Session expired

The server has moved on; the page needs a fresh start.